 Dungeon Crawl Stone Soup version 0.13-a0-2484-gc765b08 (console) character file.

1412 Kellhus the Conjurer (level 8, 30/40 HPs)
             Began as a Gargoyle Wizard on July 20, 2013.
             Was an Initiate of Vehumet.
             Quit the game on Level 5 of the Dungeon.
             The game lasted 00:08:02 (4820 turns).

Kellhus the Conjurer (Gargoyle Wizard)              Turns: 4820, Time: 00:08:02

HP  30/40        AC 13     Str 11      XL: 8   Next: 35%
MP  10/20        EV 11     Int 21      God: Vehumet [......]
Gold 288         SH  0     Dex  8      Spells:  3 memorised,  9 levels left

Res.Fire  : . . .   See Invis. : .   t - +2,+0 dagger (venom)
Res.Cold  : . . .   Warding    : .   a - +0 robe
Life Prot.: + . .   Conserve   : .   (no shield)
Res.Poison: +       Res.Corr.  : .   p - +0 helmet
Res.Elec. : +       Clarity    : .   (no cloak)
Sust.Abil.: . .     Spirit.Shd : .   (no gloves)
Res.Mut.  : .       Stasis     : .   G - +1 pair of elf boots
Res.Rott. : +       Flight     : .   (no amulet)
Saprovore : . . .                    (no ring)
                                     (no ring)

@: slightly resistant to hostile enchantments, fairly stealthy
A: fangs 1, talons 2, life protection 1, electricity resistance, slow metabolism
1, unbreathing, petrification resistance, AC +8
a: Renounce Religion


You were on level 5 of the Dungeon.
You worshipped Vehumet.
Vehumet was pleased with you.
You were hungry.

You visited 1 branch of the dungeon, and saw 5 of its levels.

You collected 268 gold pieces.

Inventory:

Hand weapons
 t - a +2,+0 dagger of venom (weapon)
 y - a +0,+1 orcish vampiric dagger (quivered)
 E - a +0,+2 orcish dagger of pain
Missiles
 f - 6 curare-tipped needles
Armour
 a - a +0 robe (worn)
 b - a +0 wizard hat
 p - a +0 helmet (worn)
 G - a +1 pair of elven boots (worn)
Magical devices
 A - a wand of slowing (2)
 H - a wand of frost (3) {unknown}
 I - a wand of disintegration (16) {unknown}
Comestibles
 d - 3 bread rations
 r - 3 meat rations
 K - 4 chunks of ogre flesh
Scrolls
 g - 2 scrolls of noise {unknown}
 j - 4 scrolls of identify {unknown}
 m - 2 scrolls of recharging {unknown}
 n - a scroll of curse jewellery {unknown}
 o - 2 scrolls of blinking {unknown}
 q - 2 scrolls of enchant weapon II {unknown}
 s - a scroll of enchant armour {unknown}
 u - a scroll of random uselessness {unknown}
 v - a scroll of fog {unknown}
 w - a scroll of teleportation {unknown}
 B - 4 scrolls of remove curse {unknown}
 C - a scroll of amnesia {unknown}
Potions
 e - 2 potions of heal wounds {unknown}
 h - 6 potions of curing {unknown}
 i - a potion of speed {unknown}
 k - a potion of brilliance {unknown}
 l - 2 potions of restore abilities {unknown}
 x - 2 potions of confusion {unknown}
 z - a potion of resistance {unknown}
 D - a potion of poison {unknown}
 F - a potion of might {unknown}
 J - a potion of mutation {unknown}
 L - a potion of berserk rage {unknown}
Books
 c - a book of Minor Magic

   Spells                             Type                      Level
   *Magic Dart                        Conjuration                  1
   Blink                              Translocation                2
   Call Imp                           Summoning                    2
   Repel Missiles                     Charms/Air                   2
   Slow                               Hexes                        2
   *Conjure Flame                     Conjuration/Fire             3
   *Mephitic Cloud                    Conjuration/Poison/Air       3


   Skills:
 - Level 1.5 Dodging
 - Level 2.1 Stealth
 - Level 4.8 Spellcasting
 + Level 9.5 Conjurations
   Level 0.8 Summonings
   Level 0.8 Translocations


You had 9 spell levels left.
You knew the following spells:

 Your Spells              Type           Power        Failure   Level  Hunger
a - Magic Dart            Conj           ####         1%          1    None
b - Conjure Flame         Conj/Fire      ####....     6%          3    ##.....
c - Mephitic Cloud        Conj/Pois/Air  ###.....     12%         3    ##.....


Dungeon Overview and Level Annotations

Branches:
Dungeon (5/27)
 Temple: D:4-7

Altars:
Cheibriados
Makhleb
Trog
Vehumet

Shops:
D:4: *


Innate Abilities, Weirdness & Mutations

You are resistant to torment.
You are immune to poison.
Your stone body is very resilient (AC +8).
You have very sharp teeth.
You have razor-sharp toenails.
You resist negative energy.
You are resistant to electric shocks.
You have a slow metabolism.
You can survive without breathing.
You are immune to petrification.


Message History

Press: ? - help, Shift-Dir - straight line, f/p - Rycklaryybbe's ghost
Aim: Rycklaryybbe's ghost (flame, heavily damaged)
The magic dart hits Rycklaryybbe's ghost.
Rycklaryybbe's ghost is heavily damaged.
Rycklaryybbe's ghost is engulfed in roaring flames.
Rycklaryybbe's ghost hits you but does no damage.
Casting: Magic Dart
Confirm with . or Enter, or press ? or * to list all spells.
Aiming: Magic Dart
Press: ? - help, Shift-Dir - straight line, f/p - Rycklaryybbe's ghost
Aim: Rycklaryybbe's ghost (flame, severely damaged)
The magic dart hits Rycklaryybbe's ghost.
Rycklaryybbe's ghost is almost destroyed.
You are feeling hungry.
Rycklaryybbe's ghost is engulfed in roaring flames.
You destroy Rycklaryybbe's ghost!
Vehumet accepts your kill.
Your Conjurations skill increases to level 9!
You have reached level 8!
You feel stronger.
Are you sure you want to abandon this character and quit the game? (Confirm with "yes".)

...........#####.)......#).%..#.)
..._....#....#...#...#...%.#.....
##......####.#.###...#.###%#(###.
##......# #...# #...#.....#.....
##....#.# ###.# #......#..(..#..
##.####.# #.# #..###.#.###.#..
........# #.###......#.....#..
##.###########.......#.....#.....
.#.##........###@#...#.###.#.###.
.#...........#
#ยง#...#.....#..... .#..#.#####..
#...p....#.....#.. ..........#
#####....#.###.# . ....#.....
##...#.. ..# .....####.#
##.....#... #...## # ##....#.###
##.... ##...#. #<### #.....


There were no monsters in sight!

Vanquished Creatures
  The ghost of Rycklaryybbe the Slicer, an experienced KoBe of Trog (D:5)
  A hippogriff (D:4)
  2 ogres (D:5)
  A crimson imp (D:5)
  A goliath beetle (D:5)
  2 orc priests
  2 orc wizards
  3 scorpions
  3 worker ants
  6 adders
  An inept feature mimic (D:5)
  A giant mite (D:4)
  3 giant geckos
  An ooze (D:2)
  15 orcs
  4 giant cockroaches
  3 goblins
  13 hobgoblins
  5 jackals
  A quokka (D:3)
  8 bats
  A giant newt (D:5)
  22 kobolds
  A kobold skeleton (D:4)
  13 rats
114 creatures vanquished.

Notes
Turn   | Place    | Note
--------------------------------------------------------------
     0 | D:1      | Kellhus, the Gargoyle Wizard, began the quest for the Orb.
     0 | D:1      | Reached XP level 1. HP: 8/8 MP: 5/5
   483 | D:2      | Reached XP level 2. HP: 13/13 MP: 1/7
   835 | D:1      | Reached XP level 3. HP: 6/17 MP: 1/9
  1315 | D:2      | Found a burning altar of Makhleb.
  1389 | D:2      | Reached skill level 4 in Conjurations
  1593 | D:2      | Reached XP level 4. HP: 22/22 MP: 11/11
  2067 | D:3      | Reached skill level 5 in Conjurations
  2074 | D:3      | Noticed a giant frog
  2104 | D:3      | Reached XP level 5. HP: 26/26 MP: 6/12
  2465 | D:3      | Found a snail-covered altar of Cheibriados.
  2566 | D:3      | Learned a level 3 spell: Conjure Flame
  2570 | D:3      | Learned a level 3 spell: Mephitic Cloud
  2593 | D:4      | Found Shrolodu's General Store.
  2641 | D:4      | Noticed a hippogriff
  2949 | D:4      | Reached skill level 6 in Conjurations
  2960 | D:4      | Reached XP level 6. HP: 27/31 MP: 3/14
  3702 | D:4      | Killed a hippogriff
  3702 | D:4      | Reached XP level 7. HP: 35/35 MP: 3/18
  3906 | D:5      | Entered Level 5 of the Dungeon
  3920 | D:5      | Found a bloodstained altar of Trog.
  3925 | D:5      | Found a radiant altar of Vehumet.
  3934 | D:5      | Became a worshipper of Vehumet
  4137 | D:5      | Reached skill level 7 in Conjurations
  4760 | D:5      | Reached skill level 8 in Conjurations
  4797 | D:5      | Noticed Rycklaryybbe's ghost (experienced KoBe)
  4819 | D:5      | Killed Rycklaryybbe's ghost
  4819 | D:5      | Reached skill level 9 in Conjurations
  4819 | D:5      | Reached XP level 8. HP: 30/40 MP: 10/20
  4820 | D:5      | Quit the game

Action                   |  1- 3 |  4- 6 |  7- 9 || total
-------------------------+-------+-------+-------++-------
Melee: Dagger            |       |    45 |     7 ||    52
 Cast: Magic Dart        |    73 |   137 |    74 ||   284
       Mephitic Cloud    |       |     3 |     2 ||     5
       Conjure Flame     |       |     1 |     6 ||     7
